 Dungeon Crawl Stone Soup version 0.27.0-1-g7a089689b8 (webtiles) character file.

Game seed: 9806056064385916159

4 Smaepdii the Ducker (level 1, -2/18 HPs)
             Began as a Djinni Gladiator on Aug 16, 2021.
             Slain by a jackal (3 damage)
             ... on level 1 of the Dungeon.
             The game lasted 00:01:08 (144 turns).

Smaepdii the Ducker (Djinni Gladiator)               Turns: 144, Time: 00:01:09

Health: -2/18      AC:  4    Str: 13    XL:     1   Next: 66%
Gold:   4          EV: 12    Int:  9    God:
                   SH:  0    Dex: 14

rFire    + + .     SeeInvis .   a - +0 long sword
rCold    x . .     Faith    .   (no shield)
rNeg     . . .     Spirit   .   b - +0 leather armour
rPois    ∞         Reflect  .   c - +0 helmet
rElec    .         Harm     .   (no cloak)
rCorr    .         Rampage  .   (no gloves)
Will     .....                  (boots unavailable)
Stlth    +.........             (no amulet)
HPRegen  0.06/turn              (no ring)
MPRegen  0.00/turn              (no ring)

@: flying
A: sickness immunity, fire resistance 2, cold vulnerability 1, float, innate
caster, hp casting, extra vitality 1
a: no special abilities


You were on level 1 of the Dungeon.
You visited 1 branch of the dungeon, and saw 1 of its levels.

You collected 4 gold pieces.

Inventory:

Hand Weapons
 a - a +0 long sword (weapon)
Missiles
 d - 3 throwing nets (quivered)
Armour
 b - a +0 leather armour (worn)
 c - a +0 helmet (worn)
Scrolls
 e - a scroll of torment {unknown}
Potions
 f - a potion of invisibility {unknown}


   Skills:
 + Level 2.1 Fighting
 * Level 2.8 Long Blades
 - Level 1.5 Throwing
 + Level 3.3 Dodging


You couldn't memorise any spells.
You didn't know any spells.
Your spell library was empty.

Dungeon Overview and Level Annotations

Branches:
Dungeon (1/15)

Altars:


Innate Abilities, Weirdness & Mutations

You are immune to sickness and miasma.
You are immune to poison.
Your flesh is very heat resistant. (rF++)
You are vulnerable to cold. (rC-)
You float through the air rather than walking.
You learn spells naturally, not from books.
Your magical power is your life essence.
You have superior vitality. (+4 HP)


Message History

The quokka bites you but does no damage.
You barely miss the quokka.
The quokka bites you but does no damage.
The quokka bites you.
You miss the quokka. The quokka misses you.
You barely miss the quokka. The quokka misses you.
You riposte.
You hit the quokka.
The quokka is almost dead.
The quokka misses you.
You riposte.
You barely miss the quokka.
The quokka is almost dead.
You hit the quokka.
You kill the quokka!
You see here a quokka corpse.
f - an inky potion
Found a book of Geomancy.
A jackal comes into view.
The jackal barks!
You hear a bark! x3
An endoplasm comes into view.
A jackal comes into view.
The jackal moves out of view.
The endoplasm quivers.
The jackal barely misses you.
You riposte.
You barely miss the jackal.
You see here 11 gold pieces.
Your leather armour prevents you from hitting the jackal.
The jackal bites you but does no damage.
The jackal barely misses you.
A jackal comes into view.
You barely miss the jackal.
The jackal barks!
The jackal bites you.
The jackal bites you but does no damage.
The jackal barely misses you. x2
The endoplasm hits you.
The jackal bites you but does no damage.
You hit the endoplasm.
The endoplasm is severely wounded.
The endoplasm freezes you.
You are frozen!
You feel a terrible chill!
* * * LOW HITPOINT WARNING * * *
The jackal barely misses you. The jackal bites you.
You die...

..# ###.# ##
#.##...##. #.#...#.
#..... #...#
#...##########.#
#.............
#####..†.####..#
.........@J.$..#
.........hhh.....#
...............#:#
.###......####..#.#
....................
#...........#######.#
#...........#######.#
#...♣.............# .
#....8........###.#


You could see an endoplasm and 3 jackals.

Vanquished Creatures
  An endoplasm (D:1)
  A giant cockroach (D:1)
  A quokka (D:1)
3 creatures vanquished.

Notes
Turn   | Place    | Note
-------+----------+-------------------------------------------
     0 | D:1      | Smaepdii the Djinni Gladiator began the quest for the Orb.
     0 | D:1      | Reached XP level 1. HP: 18/18 MP: 0/0
   144 | D:1      | Slain by a jackal

Illustrated notes

Levels and vault maps discovered:
D:1:      wander_arrival_lonely_grave, layout_loops_cross

Action                   || total
-------------------------++-------
Melee: Long sword        ||    18
Armor: Leather armour    ||     7
Dodge: Dodged            ||    15
       Rpst.: Long sword ||     6
